 Dungeon Crawl Stone Soup version 0.20-a0-893-g832831a (webtiles) character file.

7 Rrauwl the Skirmisher (level 2, -2/25 HPs)
             Began as a Formicid Abyssal Knight on Mar 17, 2017.
             Was a Follower of Lugonu.
             Slain by a chaos spawn (16 damage)
             ... on level 2 of the Abyss.
             The game lasted 00:02:13 (184 turns).

Rrauwl the Skirmisher (Formicid Abyssal Knight)      Turns: 184, Time: 00:02:13

Health: -2/25      AC:  1    Str: 16    XL:     2   Next: 5%
Magic:  3/3        EV: 11    Int: 11    God:    Lugonu [*.....]
Gold:   0          SH:  0    Dex: 10    Spells: 1/1 levels left

rFire    . . .     SeeInvis +   a - +1 mace
rCold    . . .     Gourm    .   b - +0 leather armour
rNeg     . . .     Faith    .   (no shield)
rPois    .         Spirit   .   (helmet unavailable)
rElec    .         Reflect  .   (no cloak)
rCorr    .         Harm     .   (no gloves)
MR       .....                  (no boots)
Stlth    +.........             (no amulet)
Regen    0.0/turn               (no ring)
MPRegen  0.1/turn               (no ring)

@: non-regenerating, diseased
A: permanent stasis, dig shafts and tunnels, four strong arms, antennae 3,
deformed body, low mp 2, screaming 2
a: Dig, Shaft Self, Depart the Abyss, Renounce Religion


You were on level 2 of the Abyss.
You worshipped Lugonu.
Lugonu was aware of your devotion.
You were not hungry.

You visited 0 branches of the dungeon, and saw 0 of its levels.
You visited the Abyss 1 time.

Inventory:

Hand Weapons
 a - a +1 mace (weapon)
Armour
 b - a +0 leather armour (worn)
Wands
 d - a wand of scattershot (1/9)
Scrolls
 e - a scroll of noise {unknown}
Comestibles
 c - a bread ration


   Skills:
 + Level 3.7 Fighting
 + Level 2.0 Maces & Flails
 + Level 2.1 Armour
 + Level 1.0 Dodging
 + Level 2.3 Invocations


You had one spell level left.
You didn't know any spells.

Dungeon Overview and Level Annotations

Branches:
Dungeon (0/15)

Altars:


Innate Abilities, Weirdness & Mutations

You cannot be hasted, slowed, berserked, paralysed or teleported.
You can dig through walls and to a lower floor.
Your four strong arms can wield two-handed weapons with a shield.
You have a pair of large antennae on your head. (SInv)
[Armour fits poorly on your strangely shaped body.]
[Your magical capacity is very low. (-20% MP)]
[You sometimes yell uncontrollably at your foes.]


Message History

You feel yourself growing ill in the presence of the ancient zyme.
The wretched star pulses with an eldritch light!
Your body twists and deforms.
You feel the urge to shout.
You feel a strong urge to yell.
An ancient zyme comes into view.
You feel less vulnerable to hostile enchantments.
The wretched star pulses with an eldritch light!
You feel less energetic. x2
An ufetubus comes into view.
The ufetubus shouts!
The chaos spawn closely misses you.
You feel ill.
Found 28 gold pieces.
A large abomination comes into view.
You hit the chaos spawn but do no damage.
The chaos spawn barely misses you.
You hit the chaos spawn but do no damage.
The chaos spawn gores you!
Ouch! That really hurt!
You die...

#...# # .#.#.
#.... . #
#.##.#..#.
#..#ยง.. ##.# #
##.#..# ##..#.
#.. . .
###.#.#..
#..... .... # .
.
#.#......#.#..#
#.#.# . .. ..##
##.#.#.. #.#...
.#. # #...x#.#
#.##.. ##
#..#.{####
#.....
#..#..{{#@# #
..##.. ##4## .
. ..##...##.X#
.. #......$...
..##..#..#
###.....#.
##.##.. .. ..


You could see a large abomination and a chaos spawn.

Vanquished Creatures
  A white imp (Abyss:1)
1 creature vanquished.

Notes
Turn   | Place    | Note
-------+----------+-------------------------------------------
     0 | Abyss:1  | Rrauwl the Formicid Abyssal Knight began the quest for the Orb.
     0 | Abyss:1  | Reached XP level 1. HP: 18/18 MP: 2/2
    31 | Abyss:1  | Found a snail-covered altar of Cheibriados.
    40 | Abyss:1  | Found a snail-covered altar of Cheibriados.
    74 | Abyss:1  | Reached skill level 1 in Dodging
    74 | Abyss:1  | Reached XP level 2. HP: 25/25 MP: 3/3
   118 | Abyss:2  | Found a corrupted altar of Lugonu.
   154 | Abyss:2  | Noticed a wretched star
   158 | Abyss:2  | Noticed a chaos spawn
   167 | Abyss:2  | Noticed an ancient zyme
   183 | Abyss:2  | Noticed a large abomination
   184 | Abyss:2  | Slain by a chaos spawn

Vault maps used:
Abyss:1:  hangedman_decor_peaks_small

Skill      XL: |  1 |
---------------+----+-----
Dodging        | 1 |  1.0
Fighting       | |  3.7
Maces & Flails | |  2.0
Armour         | |  2.1
Invocations    | |  2.3

Action                   || total
-------------------------++-------
Melee: Mace              ||     4
  Use: Scroll            ||     3
       Potion            ||     1
Armor: Leather armour    ||     1
Dodge: Dodged            ||     3
